 Dungeon Crawl Stone Soup version 0.30.0-29-ga12c61a403 (webtiles) character file.

Game seed: 5450111607683691188

3367 hawla the Arsonist (level 10, -1/73 HPs)
             Began as a Meteoran Fire Elementalist on June 16, 2023.
             Was a Follower of Vehumet.
             Slain by a yak (6 damage)
             ... on level 9 of the Dungeon on June 21, 2023.
             The game lasted 00:12:36 (3311 turns).

hawla the Arsonist (Meteoran Fire Elementalist)     Turns: 3311, Time: 00:12:36

Health: -1/73      AC:  7    Str:  9    XL:     10   Next: 47%
Magic:  10/33      EV: 14    Int: 20    God:    Vehumet [*.....]
Gold:   223        SH:  0    Dex: 17    Spells: 16/27 levels left

rFire   . . .        i - +2 flail (drain)
rCold   + . .        (no shield)
rNeg    . . .        v - +1 robe {rC+}
rPois   .            (no helmet)
rElec   .            (no cloak)
rCorr   .            g - +2 pair of gloves
SInv    .            p - +0 pair of boots
Will    +....        (no amulet)
Stlth   +            c - ring of magical power
HPRegen 0.32/turn    (no ring)
MPRegen 0.23/turn

%: no passive effects
@: very slightly contaminated, glowing
A: sense surroundings 2, otherworldly, glowing, explore regen
a: Renounce Religion


You were on level 9 of the Dungeon.
You worshipped Vehumet.
Vehumet was aware of your devotion.
You visited 2 branches of the dungeon, and saw 10 of its levels.

You collected 223 gold pieces.

Inventory:

Hand Weapons
 i - a +2 flail of draining (weapon)
Armour
 g - a +2 pair of gloves (worn)
 p - a +0 pair of boots (worn)
 v - a +1 robe of cold resistance (worn)
Jewellery
 c - a ring of magical power (left hand)
Wands
 e - a wand of flame (43) (quivered)
 f - a wand of polymorph (12)
Scrolls
 d - 2 scrolls of fog
 m - 6 scrolls of identify
 q - a scroll of blinking {unknown}
 s - a scroll of noise {unknown}
 t - a scroll of amnesia {unknown}
 u - a scroll of immolation {unknown}
Potions
 b - a potion of magic
 h - a potion of berserk rage
 k - 2 potions of heal wounds {unknown}
 l - a potion of curing
 n - a potion of brilliance {unknown}
 o - a potion of lignification {unknown}
 r - a potion of flight {unknown}


   Skills:
 + Level 2.0 Fighting
 + Level 4.3 Maces & Flails
 + Level 4.0 Dodging
 - Level 1.4 Stealth
 + Level 9.0 Spellcasting
 + Level 6.5 Conjurations
 + Level 9.7 Fire Magic
 + Level 5.5 Air Magic
 + Level 3.0 Evocations


You had 16 spell levels left.
You knew the following spells:

 Your Spells              Type           Power      Damage    Failure   Level
a - Foxfire               Conj/Fire      100%       2x1d9     1%          1
b - Scorch                Fire           96%        2d9       1%          2
c - Flame Wave            Conj/Fire      41%        2d11      2%          4
d - Airstrike             Air            15%        2d(3-19)  8%          4

Your spell library contained the following spells:

 Spells                   Type           Power      Damage    Failure   Level
 Freeze                   Ice            36%        1d5       8%          1
 Shock                    Conj/Air       100%       1d9       1%          1
 Swiftness                Air            31%        N/A       2%          3
 Inner Flame              Hex/Fire       28%        N/A       3%          3
 Volatile Blastmotes      Fire/Tloc      56%        2d14      3%          3
 Stone Arrow              Conj/Erth      44%        3d9       6%          3
 Frozen Ramparts          Ice            18%        1d3       22%         3
 Animate Armour           Summ/Erth      18%        N/A       58%         4
 Ice Form                 Ice/Tmut       9%         N/A       58%         4
 Summon Ice Beast         Ice/Summ       9%         N/A       58%         4
 Lehudib's Crystal Spear  Conj/Erth      11%        10d4      100%        8


Dungeon Overview and Level Annotations

Branches:
Dungeon (9/15) Zot: 2186   Temple (1/1) D:6 Zot: 498
   Lair: D:8-11         Orc: D:9-12

Altars:
Ashenzari
Cheibriados
Elyvilon
Fedhas
Gozag
Hepliaklqana
Kikubaaqudgha
Makhleb
Qazlal
Ru
Trog
Uskayaw
Vehumet
Wu Jian
Xom
Yredelemnul
The Shining One

Annotations:
D:6 3 runed translucent doors, gdog's ghost, novice GnDe
D:8 3 runed translucent doors, suzumiya's ghost, novice MiFi


Innate Abilities, Weirdness & Mutations

You passively map the area around you.
You are easily found by Zot.
You glow in the dark.
You regain HP and MP as you explore.


Message History

Unknown command.
Casting: Flame Wave (dangerous; 3% risk of failure)
Confirm with . or Enter, or press ? or * to list all spells.
Casting: Flame Wave (dangerous; 3% risk of failure)
Press: ? - help, Dir - look around, f - activate A wave of flame ripples out!
The flame wave engulfs the yak!
The yak is almost dead. (Press . to intensify the flame waves.)
The yak barely misses you.
Unknown command.
A wave of flame ripples out!
The flame wave engulfs the yak!
The yak is severely wounded.
The flame wave engulfs the yak!
You kill the yak!
Vehumet accepts your kill. The yak barely misses you.
Your Spellcasting skill increases to level 9!
A wave of flame ripples out!
The flame wave engulfs the yak!
The yak is almost dead.
The flame wave engulfs the yak!
The yak is moderately wounded.
The flame wave engulfs the yak.
The yak is lightly wounded.
You finish channelling waves of flame.
The yak gores you!
Casting: Flame Wave (dangerous; 2% risk of failure)
Confirm with . or Enter, or press ? or * to list all spells.
Casting: Flame Wave (dangerous; 2% risk of failure)
Press: ? - help, Dir - look around, f - activate You miscast Flame Wave.
You are very lightly contaminated with residual magic.
Nothing appears to happen.
The yak gores you. The yak closely misses you. The yak gores you!
* * * LOW HITPOINT WARNING * * *
As you read the scroll labelled LUIBOCHOLAG, it crumbles to dust.
It is a scroll of enchant weapon.
Your +1 flail of draining glows red for a moment.
The yak gores you!
* * * LOW HITPOINT WARNING * * *
The yak misses you. The yak gores you.
You die...

*.................
, #..............#
, *
#.............##*
* *
#.............#
#....)........##
#######..[<....#
#........## * *
#.....Y...#.. , *
* #....@Y.....<,,,
* #.....Y..?..., ,
#............ * *
,, #...........# *
,,, ,, ,
#........#...,,, ,
#........#,.. , ,,
,, .......... # *
, ,...........#*
** , ,, , *


You could see 3 yaks.

Vanquished Creatures
  Psyche (D:8)
  Prince Ribbit (D:7)
  A wyvern (D:8)
  3 yaks (D:9)
  2 steam dragons
  A water moccasin (D:8)
  A black bear (D:5)
  An ice beast (D:6)
  An orc warrior (D:6)
  2 sky beasts
  2 centaurs
  A phantom (D:5)
  3 kobold brigands
  2 bullfrogs
  3 scorpions
  2 electric eels (D:6)
  2 howler monkeys
  2 jellies (D:8)
  2 hounds (D:5)
  A gnoll bouda (D:5)
  4 orc priests
  A sleepcap (D:6)
  2 iguanas
  5 orc wizards
  5 gnolls (D:5)
  3 adders
  A shadow imp (D:5)
  2 white imps
  An ufetubus (D:6)
  22 orcs
  3 bats
  2 endoplasms
  2 giant cockroaches
  A hobgoblin (D:2)
  2 jackals (D:3)
  16 kobolds
  3 quokkas
  3 frilled lizards (D:2)
  A rat (D:3)
113 creatures vanquished.

Vanquished Creatures (collateral kills)
  2 foxfires (D:6)
2 creatures vanquished.

Vanquished Creatures (others)
  An orc wizard (D:5)
  191 foxfires
192 creatures vanquished.

Grand Total: 307 creatures vanquished

Notes
Turn   | Place    | Note
-------+----------+-------------------------------------------
     0 | D:1      | hawla the Meteoran Fire Elementalist began the quest for
                  | the Orb.
     0 | D:1      | Reached XP level 1. HP: 14/14 MP: 5/5
    37 | D:2      | Reached XP level 2. HP: 20/20 MP: 2/6
    43 | D:2      | Learned a level 2 spell: Scorch
   151 | D:2      | Reached XP level 3. HP: 26/26 MP: 5/8
   528 | D:4      | Reached skill level 1 in Evocations
   528 | D:4      | Reached XP level 4. HP: 33/33 MP: 9/9
   533 | D:4      | Learned a level 4 spell: Flame Wave
   558 | D:4      | Reached XP level 5. HP: 38/38 MP: 10/10
   684 | D:4      | Found a shimmering altar of Xom.
   897 | D:5      | Entered Level 5 of the Dungeon
   909 | D:5      | Reached XP level 6. HP: 34/45 MP: 6/11
   917 | D:5      | Reached skill level 1 in Maces & Flails
   925 | D:5      | Noticed a black bear
   932 | D:5      | Killed a black bear
   933 | D:5      | Reached XP level 7. HP: 50/50 MP: 9/12
   949 | D:5      | Reached skill level 5 in Fire Magic
  1036 | D:5      | Noticed a +0 short sword
  1036 | D:5      | Noticed a +0 falchion
  1037 | D:5      | Noticed a +0 spear
  1038 | D:5      | Noticed a +0 short sword
  1038 | D:5      | Noticed a +0 spear
  1038 | D:5      | Noticed a +0 dagger
  1038 | D:5      | Noticed a +0 dagger
  1040 | D:5      | Noticed a +0 falchion
  1044 | D:5      | Found a hide-covered altar of Uskayaw.
  1156 | D:5      | Reached skill level 5 in Conjurations
  1156 | D:5      | Reached XP level 8. HP: 36/58 MP: 7/15
  1424 | D:6      | Reached skill level 5 in Spellcasting
  1488 | D:6      | Reached skill level 1 in Fighting
  1678 | D:6      | Gained mutation: You passively map the area around you.
                  | [Meteoran growth]
  1678 | D:6      | Reached XP level 9. HP: 55/64 MP: 17/18
  1763 | D:6      | Found a runed translucent gate.
  1763 | D:6      | Found a runed translucent gate.
  1763 | D:6      | Found a runed translucent gate.
  1764 | D:6      | Noticed gdog's ghost (novice GnDe)
  1808 | D:6      | Found a staircase to the Ecumenical Temple.
  1817 | Temple   | Entered the Ecumenical Temple
  1908 | Temple   | Became a worshipper of Vehumet
  1954 | D:7      | Noticed Prince Ribbit
  1960 | D:7      | Killed Prince Ribbit
  2290 | D:8      | Found a runed translucent gate.
  2290 | D:8      | Found a runed translucent gate.
  2296 | D:8      | Found a runed translucent gate.
  2399 | D:8      | Noticed suzumiya's ghost (novice MiFi)
  2552 | D:8      | Reached * piety under Vehumet
  2552 | D:8      | Offered knowledge of Freeze by Vehumet.
  2558 | D:8      | Found a basalt altar of Yredelemnul.
  2625 | D:8      | Learned a level 4 spell: Airstrike
  2759 | D:8      | Noticed Psyche
  2765 | D:8      | Killed Psyche
  2766 | D:8      | Reached XP level 10. HP: 63/73 MP: 18/23
  3285 | D:9      | Reached skill level 5 in Air Magic
  3311 | D:9      | Slain by a yak

Illustrated notes

Levels and vault maps discovered:
D:1:      psy_arrival_spokes, layout_rooms, serial_shops, shop
D:2:      layout_basic, uniq_crazy_yiuf_cottage
D:3:      layout_basic, kennysheep_orc_sif_temple
D:4:      layout_loops_cross, nicolae_overflow_crystal_walls, serial_aquarium,
          aquarium_bridge_straight [aquarium_subvault_bridge,
          aquarium_subvault_wall, aquarium_subvault_bridge,
          aquarium_subvault_window], aquarium_bridge_straight
          [aquarium_subvault_bridge, aquarium_subvault_wall,
          aquarium_subvault_bridge, aquarium_subvault_wall], aquarium_window_2,
          aquarium_window_1, aquarium_view_2e
D:5:      layout_cave_pools, nicolae_uskayaw_en_pointe,
          minmay_a_box_with_orc_wizards_in_it
D:6:      layout_cave_pools, minmay_temple_entry_poolview,
          gammafunk_ghost_necromancy, serial_bayou, serial_bayou_shore_b,
          serial_bayou_pond_e, serial_bayou_pond_b, serial_bayou_pond_c,
          nicolae_figureground_sparkle
D:7:      layout_loops_ring, nicolae_overflow_hidden_temple, uniq_prince_ribbit1
D:8:      layout_layer_cave, overflow_temple_1_default,
          ebering_ghost_rock_garden, uniq_psyche
D:9:      layout_cave_pods, uniq_erolcha, uniq_gastronok
Temple:   nicolae_temple_great_sept

Skill      XL: |  1  2  3  4  5  6  7  8  9 10 |
---------------+-------------------------------+-----
Fire Magic     | 4 5 7 9 |  9.7
Spellcasting   | 3 4 5 8 9 |  9.0
Evocations     | 1 2 3 |  3.0
Conjurations   | 3 4 5 6 |  6.5
Maces & Flails | 3 4 |  4.3
Dodging        | 3 4 |  4.0
Fighting       | 1 2 |  2.0
Air Magic      | 3 5 |  5.5
Stealth        | |  1.4

Action                     |  1- 3 |  4- 6 |  7- 9 | 10-12 || total
---------------------------+-------+-------+-------+-------++-------
  Melee: Unarmed           |     4 |       |       |       ||     4
         Flail             |       |     1 |    15 |       ||    16
   Cast: Foxfire           |    33 |    24 |    48 |     9 ||   114
         Scorch            |     3 |    10 |    44 |     9 ||    66
         Flame Wave        |       |       |    13 |     3 ||    16
         Airstrike         |       |       |     1 |     3 ||     4
    Use: Scroll            |     2 |       |     5 |     1 ||     8
         Potion            |       |       |     1 |       ||     1
 Armour: Robe              |     3 |     1 |    18 |     3 ||    25
  Dodge: Dodged            |    13 |     4 |    38 |    11 ||    66
